 Dungeon Crawl Stone Soup version 0.31.0-1-g2c135a0 (webtiles) character file.

Game seed: 14349788001459859043

131398 Taxman1966 the Tortoise (level 16, -2/126 HPs)
             Began as a Gnoll Ice Elementalist on Feb 1, 2024.
             Was the Champion of Cheibriados.
             Hit by a silver javelin thrown by a merfolk javelineer (12 damage)
             ... on level 4 of the Shoals on Feb 2, 2024.
             The game lasted 02:54:59 (30766 turns).

Taxman1966 the Tortoise (Gnoll Ice Elementalist)   Turns: 30766, Time: 02:54:59

Health: -2/126     AC: 16    Str: 27    XL:     16   Next: 84%
Magic:  40/41      EV: 30    Int: 42    God:    Cheibriados [******]
Gold:   499        SH: 14    Dex: 31    Spells: 17/40 levels left

rFire   + + .        a - staff of fire
rCold   . . .        J - +0 buckler
rNeg    . . .        K - +1 leather armour "Raeschopn" {rF+ Str+2 Dex+3}
rPois   .            H - +2 helmet
rElec   .            N - +1 cloak of Starlight {*Dazzle EV+4 Stlth--}
rCorr   .            g - +0 pair of gloves
SInv    .            w - +1 pair of boots of the Last Mice {Str+3 Int+4}
Will    +....        L - amulet of reflection
Stlth   ++++         n - ring of flight
HPRegen 0.41/turn    x - ring of magical power
MPRegen 0.27/turn

%: reflection
@: flying, studying Armour, very slow
A: fangs 1, strong nose, distributed training
a: Renounce Religion, Bend Time, Temporal Distortion, Slouch, Step From Time


You were on level 4 of the Shoals.
You worshipped Cheibriados.
Cheibriados was exalted by your worship.
You visited 5 branches of the dungeon, and saw 27 of its levels.
You also visited: Sewer, Bailey and Ice Cave.

You collected 2244 gold pieces.
You spent 1745 gold pieces at shops.

Inventory:

Hand Weapons
 b - the +2 war axe of Cheibriados {venom, rC+ Int+5}
   (You bought it in a shop on level 14 of the Dungeon)

   Int+5:     It affects your intelligence (+5).
   rC+:       It protects you from cold.
 c - a +3 trident of pain
 d - a +2 scimitar of flaming
Missiles
 j - 40 poisoned darts (quivered)
 E - 3 curare-tipped darts
 I - 6 silver javelins
 M - 38 javelins
 Z - 3 throwing nets
Armour
 g - a +0 pair of gloves (worn)
 w - the +1 pair of boots of the Last Mice (worn) {Str+3 Int+4}
   (You found it in an ice cave)

   Str+3:     It affects your strength (+3).
   Int+4:     It affects your intelligence (+4).
 H - a +2 helmet (worn)
 J - a +0 buckler (worn)
 K - the +1 leather armour "Raeschopn" (worn) {rF+ Str+2 Dex+3}
   (You found it on level 10 of the Dungeon)

   Str+2:     It affects your strength (+2).
   Dex+3:     It affects your dexterity (+3).
   rF+:       It protects you from fire.
 N - the +1 cloak of Starlight (worn) {*Dazzle EV+4 Stlth--}
   (You bought it in a shop on level 2 of the Orcish Mines)

   *Dazzle:   It may blind those who miss an attack against the wearer in melee
   combat.
   EV+4:      It affects your evasion (+4).
   Stlth--:   It makes you much less stealthy.
Magical Staves
 a - a staff of fire (weapon)
Jewellery
 n - a ring of flight (left hand)
 t - a +5 ring of evasion
 x - a ring of magical power (right hand)
 D - a ring of fire
 L - an amulet of reflection (around neck)
 O - a ring of willpower
 U - a ring of resist corrosion
 X - a ring of ice
Wands
 r - a wand of roots (30)
 s - a wand of flame (39)
 y - a wand of paralysis (6)
 z - a wand of digging (4)
 Y - a wand of acid (4)
Scrolls
 e - a scroll of identify
 m - 8 scrolls of fear
 u - 13 scrolls of teleportation
 v - 5 scrolls of poison
 G - a scroll of butterflies
 Q - a scroll of torment
 R - 5 scrolls of fog
 S - 4 scrolls of revelation
 W - 3 scrolls of blinking
Potions
 f - a potion of ambrosia
 h - 3 potions of invisibility
 i - a potion of berserk rage
 k - 5 potions of curing
 o - 4 potions of magic
 p - 6 potions of heal wounds
 A - 5 potions of might
 F - 4 potions of resistance
 P - 2 potions of cancellation
 T - 3 potions of enlightenment
 V - a potion of lignification
Miscellaneous
 l - a lightning rod (4/4)
 q - a phantom mirror
 B - a sack of spiders
 C - a phial of floods


   Skills:
 + Level 11.6 Fighting
 + Level 11.6 Short Blades
 + Level 11.6 Long Blades
 + Level 11.6 Axes
 + Level 11.6 Maces & Flails
 + Level 11.6 Polearms
 + Level 11.6 Staves
 + Level 11.6 Ranged Weapons
 + Level 11.6 Throwing
 + Level 15.2 Armour
 + Level 12.4 Dodging
 + Level 12.3 Stealth
 + Level 11.6 Shields
 + Level 11.6 Unarmed Combat
 + Level 12.6 Spellcasting
 + Level 9.8 Conjurations
 + Level 9.8 Hexes
 + Level 9.8 Summonings
 + Level 9.8 Necromancy
 + Level 9.8 Translocations
 + Level 9.8 Fire Magic
 + Level 12.0 Ice Magic
 + Level 9.8 Air Magic
 + Level 9.8 Earth Magic
 + Level 9.8 Alchemy
 + Level 12.6 Invocations
 + Level 11.6 Evocations
 + Level 10.6 Shapeshifting


You had 17 spell levels left.
You knew the following spells:

 Your Spells              Type           Power      Damage    Failure   Level
a - Freeze                Ice            100%       1d10      0%          1
b - Frozen Ramparts       Ice            100%       1d16      1%          3
c - Ozocubu's Armour      Ice            91%        N/A       1%          3
d - Summon Ice Beast      Ice/Summ       87%        N/A       1%          3
e - Freezing Cloud        Conj/Ice/Air   43%        6-21      1%          5
f - Fireball              Conj/Fire      52%        3d20      1%          5
h - Hailstorm             Conj/Ice       87%        3d14      1%          3

Your spell library contained the following spells:

 Spells                   Type           Power      Damage    Failure   Level
 Necrotise                Necr           100%       1d9       1%          1
 Sting                    Conj/Alch      100%       1d9       1%          1
 Blink                    Tloc           100%       N/A       1%          2
 Lesser Beckoning         Tloc           100%       N/A       1%          2
 Mercury Vapours          Alch/Air       100%       N/A       1%          2
 Momentum Strike          Conj/Tloc      100%       3d10      1%          2
 Sublimation of Blood     Necr           83%        N/A       1%          2
 Fugue of the Fallen      Necr           83%        N/A       1%          3
 Gell's Gravitas          Tloc           83%        N/A       1%          3
 Inner Flame              Hex/Fire       100%       N/A       1%          3
 Mephitic Cloud           Conj/Alch/Air  83%        N/A       1%          3
 Teleport Other           Tloc           83%        N/A       1%          3
 Tukima's Dance           Hex            83%        N/A       1%          3
 Vampiric Draining        Necr           83%        2d11      1%          3
 Cause Fear               Hex            41%        N/A       1%          4
 Dimensional Bullseye     Hex/Tloc       41%        N/A       1%          4
 Iskenderun's Mystic Bla  Conj/Tloc      83%        2d16      1%          4
 Manifold Assault         Tloc           83%        N/A       1%          4
 Martyr's Knell           Necr/Summ      83%        N/A       1%          4
 Olgreb's Toxic Radiance  Alch           83%        N/A       1%          4
 Petrify                  Alch/Erth      83%        N/A       1%          4
 Summon Blazeheart Golem  Fire/Summ      100%       N/A       1%          4
 Curse of Agony           Necr           83%        N/A       1%          5
 Irradiate                Conj/Alch      41%        3d25      1%          5
 Sculpt Simulacrum        Ice/Alch       43%        N/A       2%          6
 Dispersal                Tloc           41%        N/A       3%          6
 Orb of Destruction       Conj           41%        9d11      22%         7
 Spellforged Servitor     Conj/Summ      41%        N/A       22%         7
 Disjunction              Tloc           41%        N/A       86%         8
 Ignition                 Fire           52%        3d14      86%         8
 Dragon's Call            Summ           41%        N/A       100%        9


Dungeon Overview and Level Annotations

Branches:
Dungeon (15/15)            Temple (1/1) D:5            Lair (5/5) D:11
 Shoals (4/4) Lair:2        Snake (0/4) Lair:2        Slime (0/5) Lair:4
    Orc (2/2) D:11            Elf (0/3) Orc:2        Vaults (0/5) D:13
 Depths (0/4) D:15          Sewer (visited)          Bailey (visited)
  IceCv (visited)

Altars:
Ashenzari
Cheibriados
Dithmenos
Elyvilon
Fedhas
Gozag
Hepliaklqana
Kikubaaqudgha
Makhleb
Nemelex Xobeh
Okawaru
Qazlal
Ru
Sif Muna
Trog
Uskayaw
Vehumet
Wu Jian
Xom
Yredelemnul
Zin
The Shining One
Jiyva

Shops:
D:3 ?   D:5 [   D:14 (   Orc:2 [!*[


Innate Abilities, Weirdness & Mutations

You have very sharp teeth.
Your uncanny sense of smell can sniff out nearby items.
Your experience applies equally to all skills.


Message History

Things that are here:
a +0 leather armour; a +3 spear of venom
Found 6 stones.
A sea snake comes into view.
A merfolk javelineer comes into view.
It is wielding a +1 spear of flaming, wearing a +2 scale mail of fire resistance and quivering silver javelins.
Casting: Fireball (mildly dangerous; 1% risk of failure)
Confirm with . or Enter, or press ? or * to list all spells.
Aiming: Fireball (mildly dangerous; 1% risk of failure)
Press: ? - help, Shift-Dir - straight line You feel a surge of power!
The fireball explodes!
You hear a shout!
You hear a screech!
Unknown command.
The merfolk javelineer throws a silver javelin.
The silver javelin pierces through you!
The merfolk javelineer throws a silver javelin.
The silver javelin completely misses you.
The merfolk javelineer throws a silver javelin.
The silver javelin pierces through you!!
The merfolk javelineer throws a silver javelin.
The silver javelin pierces through you!!
The merfolk javelineer throws a silver javelin.
The silver javelin misses you.
The merfolk javelineer throws a silver javelin.
The silver javelin misses you.
The merfolk javelineer throws a silver javelin.
The silver javelin misses you.
The merfolk javelineer throws a silver javelin.
The silver javelin pierces through you!
The merfolk javelineer throws a silver javelin.
The silver javelin pierces through you!
* * * LOW HITPOINT WARNING * * *
The merfolk javelineer throws a silver javelin.
The silver javelin pierces through you!
* * * LOW HITPOINT WARNING * * *
x2 The merfolk javelineer throws a silver javelin.
The silver javelin pierces through you!
* * * LOW HITPOINT WARNING * * *
x2 The merfolk javelineer throws a silver javelin.
The silver javelin pierces through you!
You die...

≈≈≈≈≈≈##~~..~~~~≈≈≈≈≈~≈≈≈≈≈~~~≈≈~
≈≈≈≈≈≈##~.....~~~≈≈≈≈≈≈≈≈≈≈~~≈§≈~
≈≈≈≈≈≈~~...#..##~~##≈≈##≈≈#~§m#*≈
≈≈≈≈≈≈~~..##..##~~~#≈≈##≈≈##§≈#*~
≈≈≈≈≈≈##......~~~~~≈≈≈≈≈≈≈≈≈≈≈~~~
~~~≈≈~##..##...~~~≈≈≈≈≈≈≈≈≈≈~~~~~
~~~~~[~~.####.##~~##≈≈##≈≈##~~**~
~~~~~~~~.#.#.~##.~##≈≈##≈≈≈#≈≈#*~
~~~)~~##.#(...~~@~~~~≈≈m≈≈≈≈≈≈≈≈~
~~~~~~##......~~~~~~~~≈≈≈≈≈≈≈≈≈≈~
~.~~~~#####~###~##~###~≈#####≈##*
~.[~~~#***#.#*##.###*#~~#****≈#~*
~..~~~~~~~~.~~,,,,,,~.~~≈≈~~~~~~~
.~~~~~~~~~~~~,,,,,,,..~~≈≈≈~~~~,,
~~~~~~~~~~~~,,,,,,,...~~≈≈≈≈~~~~,
...~~~~~~~~~,,,,,,,P..~~≈≈≈≈~~~~~
...~~~~~~~~~,,,,,,,.#...≈≈≈≈≈~~~~


You could see a merfolk javelineer.

Vanquished Creatures
  Rupert (D:14)
  Kirke (D:14)
  A stone giant (D:13)
  A dire elephant (Lair:5)
  4 merfolk javelineers
  3 entropy weavers (Lair:4)
  2 merfolk impalers (Shoals:1)
  Harold (D:10)
  3 ghost crabs (Lair:4)
  Erolcha (D:10)
  A death knight (D:15)
  3 centaur warriors
  9 hydras
  3 boulder beetles
  3 catoblepae
  A deep troll shaman (Lair:5)
  4 two-headed ogres
  Erica (D:9)
  2 merfolk avatars
  A satyr (Shoals:4)
  5 death yaks
  4 orc high priests (Orc:2)
  Nergalle (D:12)
  Sonja (D:10)
  A storm dragon zombie (D:15)
  4 fire crabs (Lair:4)
  A skyshark (Lair:4)
  6 skeletal warriors
  A spark wasp zombie (D:15)
  8 sea snakes
  A storm dragon skeleton (D:15)
  A flayed ghost (D:14)
  3 deep elf pyromancers
  6 orc knights
  A necromancer (D:15)
  4 orc sorcerers
  10 ugly things
  3 fauns (Shoals:4)
  4 cyclopes
  8 manticores
  5 merfolk sirens
  8 elephants
  2 ice statues (IceCv)
  3 water nymphs
  A kobold blastminer (Orc:2)
  A torpor snail (Lair:2)
  6 black mambas
  12 cane toads
  An unseen horror (D:12)
  An efreet (D:14)
  11 komodo dragons
  An anaconda simulacrum (IceCv)
  3 rime drakes
  A freezing wraith (D:14)
  2 kobold demonologists
  Psyche (D:12)
  8 ice devils
  7 trolls
  A polar bear (Lair:3)
  5 merfolk
  2 wind drakes
  A dream sheep (Lair:4)
  12 blink frogs
  A snapping turtle (Shoals:4)
  4 slime creatures (D:15)
  8 spriggans (Lair:1)
  3 spriggans (shapeshifter)
  2 shadows (D:11)
  A water elemental (Shoals:1)
  3 dire elephant simulacra (IceCv)
  7 wyverns
  60 yaks
  3 hogs (D:14)
  4 basilisks
  10 vampire mosquitoes
  A warg (Orc:2)
  A steam dragon (D:7)
  3 harpy simulacra (IceCv)
  4 acid dragons
  12 water moccasins
  3 hydra simulacra (IceCv)
  29 orc warriors
  3 black bears
  3 sky beasts
  9 ogres
  27 wolves
  A phantom (D:5)
  22 centaurs
  3 kobold brigands
  15 bullfrogs
  4 scorpions
  A gnoll sergeant (D:11)
  5 wights (D:6)
  2 elephant simulacra (IceCv)
  8 killer bees
  11 howler monkeys
  2 gnoll boudas
  16 orc priests
  4 hounds
  3 sleepcaps
  Terence (D:2)
  3 iguanas
  Natasha (thrice) (D:2)
  21 orc wizards
  10 gnolls
  8 adders
  A shadow imp (D:6)
  5 white imps
  4 ribbon worms
  4 dart slugs
  92 orcs
  6 endoplasms
  4 giant cockroaches
  11 goblins
  5 hobgoblins
  4 jackals (D:4)
  5 quokkas
  9 ball pythons
  11 bats
  6 frilled lizards
  25 kobolds
  11 rats
761 creatures vanquished.

Vanquished Creatures (collateral kills)
  A bog body (IceCv)
  A necromancer (IceCv)
  A cyclops (D:11)
  2 elephants (Lair:3)
  A troll (D:10)
  A raiju (shapeshifter) (D:11)
  4 yaks
  A wyvern (Lair:5)
  A steam dragon (D:7)
  An ice beast (D:6)
  An orc warrior (Bailey)
  A sky beast (D:6)
  2 centaurs
  2 kobold brigands
  A bullfrog (D:7)
  A scorpion (D:7)
  An orc priest (D:10)
  An iguana (D:7)
  A sleepcap (D:6)
  An orc wizard (D:7)
  A troll simulacrum (IceCv)
  An adder (D:6)
  A gnoll (D:6)
  A white imp (IceCv)
  8 orcs
  A goblin (D:7)
  A kobold (D:8)
40 creatures vanquished.

Vanquished Creatures (others)
  A manticore (Shoals:2)
  An apocalypse crab (Lair:4)
2 creatures vanquished.

Grand Total: 803 creatures vanquished

Notes
Turn   | Place    | Note
-------+----------+-------------------------------------------
     0 | D:1      | Taxman1966 the Gnoll Ice Elementalist began the quest for
                  | the Orb.
     0 | D:1      | Reached XP level 1. HP: 13/13 MP: 6/6
   388 | D:1      | Reached XP level 2. HP: 19/19 MP: 7/7
   844 | D:2      | Identified the +0 whip of the Establishment {freeze, rF+
                  | Will+ Int+3 Dex+2}
   950 | D:2      | Reached skill level 5 in Spellcasting
   950 | D:2      | Reached XP level 3. HP: 8/25 MP: 9/9
  1043 | D:2      | Noticed Natasha
  1047 | D:2      | Learned a level 3 spell: Frozen Ramparts
  1052 | D:2      | Killed Natasha
  1053 | D:2      | Reached skill level 1 in Fighting
  1053 | D:2      | Reached skill level 1 in Short Blades
  1053 | D:2      | Reached skill level 1 in Long Blades
  1053 | D:2      | Reached skill level 1 in Axes
  1053 | D:2      | Reached skill level 1 in Maces & Flails
  1053 | D:2      | Reached skill level 1 in Polearms
  1053 | D:2      | Reached skill level 1 in Staves
  1053 | D:2      | Reached skill level 1 in Ranged Weapons
  1053 | D:2      | Reached skill level 1 in Throwing
  1053 | D:2      | Reached skill level 1 in Armour
  1053 | D:2      | Reached skill level 1 in Shields
  1053 | D:2      | Reached skill level 1 in Unarmed Combat
  1053 | D:2      | Reached skill level 1 in Invocations
  1053 | D:2      | Reached skill level 1 in Evocations
  1083 | D:2      | Learned a level 3 spell: Ozocubu's Armour
  1229 | D:2      | Reached skill level 1 in Shapeshifting
  1229 | D:2      | Reached XP level 4. HP: 29/32 MP: 11/11
  1573 | D:2      | Noticed Terence
  1584 | D:2      | Killed Terence
  1585 | D:2      | Reached skill level 1 in Conjurations
  1585 | D:2      | Reached skill level 1 in Hexes
  1585 | D:2      | Reached skill level 1 in Summonings
  1585 | D:2      | Reached skill level 1 in Necromancy
  1585 | D:2      | Reached skill level 1 in Translocations
  1585 | D:2      | Reached skill level 1 in Fire Magic
  1585 | D:2      | Reached skill level 1 in Air Magic
  1585 | D:2      | Reached skill level 1 in Earth Magic
  1585 | D:2      | Reached skill level 1 in Alchemy
  1678 | D:2      | Noticed Natasha
  1686 | D:2      | Killed Natasha
  1687 | D:2      | Reached XP level 5. HP: 36/37 MP: 12/12
  2064 | D:2      | Noticed Natasha
  2068 | D:2      | Killed Natasha
  2152 | D:3      | Found Liyh's Magic Scroll Boutique.
  2181 | D:3      | Bought a scroll of identify for 28 gold pieces
  2181 | D:3      | Bought a scroll of teleportation for 42 gold pieces
  2691 | D:3      | Bought a scroll of revelation for 105 gold pieces
  2805 | D:4      | Reached XP level 6. HP: 44/44 MP: 13/13
  2872 | D:4      | Reached skill level 2 in Armour
  2872 | D:4      | Reached skill level 5 in Dodging
  2894 | D:4      | Found a radiant altar of Vehumet.
  2978 | D:4      | Found a bloodstained altar of Trog.
  3096 | D:4      | Reached XP level 7. HP: 50/50 MP: 13/15
  3225 | D:4      | Found a stormy altar of Qazlal.
  3225 | D:4      | Found a hazy altar of Hepliaklqana.
  3603 | D:4      | Learned a level 3 spell: Summon Ice Beast
  3607 | D:4      | Learned a level 3 spell: Hailstorm
  3608 | D:5      | Entered Level 5 of the Dungeon
  3658 | D:5      | Found a glowing drain.
  3715 | D:5      | Found a staircase to the Ecumenical Temple.
  3724 | D:5      | Reached skill level 5 in Stealth
  3733 | Temple   | Entered the Ecumenical Temple
  3758 | Temple   | Became a worshipper of Cheibriados the Contemplative
  3811 | Sewer    | Entered a sewer
  4025 | Sewer    | Reached * piety under Cheibriados
  4094 | Sewer    | Reached skill level 3 in Armour
  4094 | Sewer    | Reached XP level 8. HP: 46/58 MP: 10/16
  4282 | D:5      | Reached ** piety under Cheibriados
  4313 | D:5      | Found Ucorhu Cius's Antique Armour Boutique.
  5440 | D:6      | Reached XP level 9. HP: 56/65 MP: 12/18
  5554 | D:6      | Reached skill level 4 in Armour
  6001 | D:6      | Found an iron altar of Okawaru.
  6082 | D:7      | Found a hide-covered altar of Uskayaw.
  6128 | D:7      | Found a flagged portal.
  6156 | D:7      | Reached *** piety under Cheibriados
  6189 | Bailey   | Entered a bailey
  6399 | Bailey   | Reached skill level 5 in Invocations
  7047 | Bailey   | Reached **** piety under Cheibriados
  7056 | Bailey   | Reached skill level 5 in Fighting
  7056 | Bailey   | Reached skill level 5 in Short Blades
  7056 | Bailey   | Reached skill level 5 in Long Blades
  7056 | Bailey   | Reached skill level 5 in Axes
  7056 | Bailey   | Reached skill level 5 in Maces & Flails
  7056 | Bailey   | Reached skill level 5 in Polearms
  7056 | Bailey   | Reached skill level 5 in Staves
  7056 | Bailey   | Reached skill level 5 in Ranged Weapons
  7056 | Bailey   | Reached skill level 5 in Throwing
  7056 | Bailey   | Reached skill level 5 in Armour
  7056 | Bailey   | Reached skill level 5 in Shields
  7056 | Bailey   | Reached skill level 5 in Unarmed Combat
  7056 | Bailey   | Reached skill level 5 in Evocations
  7056 | Bailey   | Reached XP level 10. HP: 32/74 MP: 15/20
  8146 | D:7      | Reached skill level 5 in Shapeshifting
  8697 | D:3      | Bought a scroll of fear for 56 gold pieces
  8697 | D:3      | Bought a scroll of immolation for 56 gold pieces
  8875 | D:8      | Reached ***** piety under Cheibriados
  8975 | D:8      | Learned a level 5 spell: Freezing Cloud
  8987 | D:8      | Reached skill level 6 in Armour
  9933 | D:9      | Reached skill level 5 in Conjurations
  9933 | D:9      | Reached skill level 5 in Hexes
  9933 | D:9      | Reached skill level 5 in Summonings
  9933 | D:9      | Reached skill level 5 in Necromancy
  9933 | D:9      | Reached skill level 5 in Translocations
  9933 | D:9      | Reached skill level 5 in Fire Magic
  9933 | D:9      | Reached skill level 5 in Air Magic
  9933 | D:9      | Reached skill level 5 in Earth Magic
  9933 | D:9      | Reached skill level 5 in Alchemy
 10005 | D:9      | Reached XP level 11. HP: 81/81 MP: 5/22
 10009 | D:9      | Reached skill level 7 in Armour
 10241 | D:9      | Noticed Erica
 10252 | D:9      | Killed Erica
 10602 | D:10     | Entered Level 10 of the Dungeon
 10602 | D:10     | Noticed Erolcha
 10951 | D:10     | Noticed Harold
 10960 | D:10     | Killed Harold
 10982 | D:10     | Killed Erolcha
 10982 | D:10     | Reached ****** piety under Cheibriados
 11309 | D:10     | Identified the +1 leather armour "Raeschopn" {rF+ Str+2
                  | Dex+3}
 11365 | D:10     | Reached skill level 8 in Armour
 11549 | D:10     | Noticed Sonja
 11553 | D:10     | Killed Sonja
 11698 | D:11     | Noticed a boulder beetle
 11709 | D:11     | Killed a boulder beetle
 11859 | D:11     | Found a snail-covered altar of Cheibriados.
 11860 | D:11     | Found a broken altar of Ashenzari.
 11860 | D:11     | Noticed a manticore
 11866 | D:11     | Killed a manticore
 11896 | D:11     | Found a glowing silver altar of Zin.
 11896 | D:11     | Found a sparkling altar of Nemelex Xobeh.
 11944 | D:11     | Reached XP level 12. HP: 91/91 MP: 20/24
 12162 | D:11     | Noticed a two-headed ogre
 12167 | D:11     | Killed a two-headed ogre
 12168 | D:11     | Reached skill level 9 in Armour
 12452 | D:11     | Found a staircase to the Lair.
 12762 | D:11     | Found a staircase to the Orcish Mines.
 13036 | D:11     | Noticed a seven-headed hydra
 13044 | D:11     | Killed a six-headed hydra
 13437 | Lair:1   | Entered Level 1 of the Lair of Beasts
 13517 | Lair:1   | Reached skill level 10 in Armour
 13809 | Lair:1   | Found a white marble altar of Elyvilon.
 13961 | Lair:3   | Reached XP level 13. HP: 98/98 MP: 23/26
 14013 | Lair:3   | Reached skill level 10 in Ice Magic
 14082 | Lair:3   | Found a frozen archway.
 14103 | IceCv    | Entered an ice cave
 14195 | IceCv    | Identified a scroll of acquirement
 14670 | IceCv    | Identified the +1 pair of boots of the Last Mice {Str+3
                  | Int+4}
 14790 | IceCv    | Reached skill level 10 in Spellcasting
 14896 | Lair:3   | Reached skill level 11 in Armour
 14948 | Lair:5   | Entered Level 5 of the Lair of Beasts
 15072 | Lair:5   | Reached skill level 10 in Dodging
 15215 | Lair:5   | Reached skill level 10 in Stealth
 15330 | Lair:5   | Noticed a dire elephant
 15348 | Lair:5   | Killed a dire elephant
 15439 | Lair:5   | Got an earthy gem with 2023 turns to spare
 15554 | Lair:5   | Reached skill level 10 in Invocations
 15554 | Lair:5   | Reached XP level 14. HP: 65/108 MP: 28/28
 15835 | Lair:2   | Found a staircase to the Shoals.
 15843 | Lair:2   | You fall into a shaft and drop 1 floor!
 16167 | Lair:2   | Reached skill level 12 in Armour
 16180 | Lair:2   | Found a staircase to the Snake Pit.
 17647 | Lair:2   | Learned a level 5 spell: Fireball
 19311 | Lair:4   | Found a staircase to the Slime Pits.
 19311 | Lair:4   | Found a viscous altar of Jiyva.
 19506 | Lair:4   | Reached skill level 10 in Fighting
 19506 | Lair:4   | Reached skill level 10 in Short Blades
 19506 | Lair:4   | Reached skill level 10 in Long Blades
 19506 | Lair:4   | Reached skill level 10 in Axes
 19506 | Lair:4   | Reached skill level 10 in Maces & Flails
 19506 | Lair:4   | Reached skill level 10 in Polearms
 19506 | Lair:4   | Reached skill level 10 in Staves
 19506 | Lair:4   | Reached skill level 10 in Ranged Weapons
 19506 | Lair:4   | Reached skill level 10 in Throwing
 19506 | Lair:4   | Reached skill level 10 in Shields
 19506 | Lair:4   | Reached skill level 10 in Unarmed Combat
 19506 | Lair:4   | Reached skill level 10 in Evocations
 19689 | Lair:4   | Found a runed translucent door.
 20162 | Lair:4   | Reached skill level 13 in Armour
 20166 | Lair:4   | Reached XP level 15. HP: 95/115 MP: 12/30
 22128 | D:12     | Noticed Psyche
 22136 | D:12     | Killed Psyche
 22864 | D:12     | Noticed Nergalle
 22868 | D:12     | Killed Nergalle
 23865 | D:13     | Found a gate to the Vaults.
 24051 | D:14     | Found Xenluoru's Antique Weapon Shoppe.
 24369 | D:14     | Noticed Rupert
 24385 | D:14     | Killed Rupert
 24568 | D:14     | Found a hide-covered altar of Uskayaw.
 25153 | D:14     | Noticed Kirke
 25189 | D:14     | Killed Kirke
 25190 | D:14     | Reached skill level 14 in Armour
 25976 | D:15     | Entered Level 15 of the Dungeon
 26353 | D:14     | Reached skill level 10 in Shapeshifting
 26501 | D:15     | Reached XP level 16. HP: 124/124 MP: 24/32
 26923 | D:15     | Found a staircase to the Depths.
 27327 | Orc:1    | Entered Level 1 of the Orcish Mines
 27681 | Orc:2    | Entered Level 2 of the Orcish Mines
 27681 | Orc:2    | Found a staircase to the Elven Halls.
 28316 | Orc:2    | Found a radiant altar of Vehumet.
 28352 | Orc:1    | You fall into a shaft and drop 1 floor!
 29090 | Orc:2    | Found Izurch's Antique Armour Shoppe.
 29090 | Orc:2    | Found Exzal's Antique Armour Boutique.
 29092 | Orc:2    | Found Ifinkadd's Distillery.
 29092 | Orc:2    | Found Gish's General Store.
 29107 | Orc:2    | Bought a potion of cancellation for 112 gold pieces
 29112 | Orc:2    | Bought a twisted ring mail for 234 gold pieces
 29112 | Orc:2    | Identified the +4 ring mail of the Pit {Harm MP+9 Dex-4
                  | Stlth+} (You bought it in a shop on level 2 of the Orcish
                  | Mines)
 29115 | Orc:2    | Bought the +1 cloak of Starlight {*Dazzle EV+4 Stlth--} for
                  | 793 gold pieces
 29115 | Orc:2    | Found the +1 cloak of Starlight {*Dazzle EV+4 Stlth--}
 29260 | D:14     | Bought a translucent war axe for 263 gold pieces
 29260 | D:14     | Identified the +2 war axe of Cheibriados {venom, rC+ Int+5}
                  | (You bought it in a shop on level 14 of the Dungeon)
 29395 | Orc:2    | Bought a scroll of identify for 28 gold pieces
 29395 | Orc:2    | Bought a scroll of identify for 28 gold pieces
 29746 | Shoals:1 | Entered Level 1 of the Shoals
 30091 | Shoals:2 | You fall into a shaft and drop 1 floor!
 30404 | Shoals:4 | Entered Level 4 of the Shoals
 30417 | Shoals:4 | Reached skill level 15 in Armour
 30766 | Shoals:4 | Hit by a silver javelin thrown by a merfolk javelineer

Illustrated notes

Levels and vault maps discovered:
D:1:      evilmike_arrival_come_back, layout_rooms, hangedman_decor_growths,
          hangedman_decor_slide_cut
D:2:      layout_basic, st_stairs_7, uniq_natasha, uniq_terence
D:3:      layout_basic, serial_shops, shop, grunt_ministairs_7,
          grunt_decor_junction
D:4:      layout_rooms, kennysheep_mini, nicolae_vehumet_altar_sigil,
          gammafunk_temple_overflow_elements
D:5:      layout_cave_pools, minmay_temple_entry_proselytizer, serial_shops,
          shop, mainiacjoe_sewer_entry_somewhere_in_here_2
D:6:      layout_basic, mainiacjoe_overflow_surrounded_room
D:7:      layout_basic, general_overflow_altar, enter_bailey_5
D:8:      layout_basic
D:9:      layout_basic, kennysheep_generic_room_4, uniq_erica
D:10:     layout_roguey [special_room_orc], uniq_sonja, uniq_erolcha,
          uniq_harold
D:11:     minmay_the_grid_octo_tiled_octocenter [minmay_the_grid_octo_shrine,
          minmay_the_grid_octo_concentric, minmay_the_grid_octo_pinwheel,
          minmay_the_grid_octo_fat_diamond,
          minmay_the_grid_octo_prize_single_spiral,
          minmay_the_grid_square_5x5_spiral, minmay_the_grid_square_5x5_bridge,
          minmay_the_grid_square_5x5_minimal,
          minmay_the_grid_square_5x5_beaten_path], layout_rooms, orc_0_dummy
D:12:     layout_loops_corners, uniq_nergalle, uniq_psyche
D:13:     layout_rooms, hellmonk_vaults_attempted_burglary,
          grunt_decor_mini_mirrors, drop_trap
D:14:     layout_loops_ring, nicolae_uskayaw_murder_on_the_dancefloor,
          serial_shops, nicolae_shop_hallway_stairs, uniq_kirke, uniq_rupert
D:15:     gammafunk_depths_entry_grave, layout_basic
Temple:   regret_index_temple_sphere_string
Lair:1:   kb_forest_paths, layout_layer_cave, basic_altar,
          nicolae_quartered_pool_impasse, serial_bayou_pond_b
Lair:2:   layout_loops_ring, minmay_shoals_entry_centaurs, dummy_snake_entry
Lair:3:   nzn_winding_woodlands_three_and_one
          [nzn_winding_woodlands_5x15_split_checker,
          nzn_winding_woodlands_5x15_pathside_ponds,
          nzn_winding_woodlands_5x15_pockets,
          nzn_winding_woodlands_center_pierced_h], layout_regular_city,
          portal_ice_cave_demonic_guard
Lair:4:   gammafunk_mikee_crab_dinner, layout_misc_corridors, slime_entry_1,
          serial_bayou_pond_c, dreamdust_gnoll_shepherd, grunt_megastairs_1
Lair:5:   grunt_lair_end_beastmaster, layout_big_grid
Shoals:1: layout_shoals
Shoals:2: layout_shoals, serial_shops, shop
Shoals:3: layout_shoals, nicolae_shoals_enchanted_isle, uniq_polyphemus,
          uniq_bai_suzhen
Shoals:4: shoals_end_grunt_garden, layout_shoals,
          nicolae_shoals_lost_giant_pillars, uniq_louise
Orc:1:    layout_diamond_mine
Orc:2:    grunt_orc_tribal_feast, layout_caves, basic_altar

Skill      XL: |  1  2  3  4  5  6  7  8  9 10 11 12 13 14 15 16 |
---------------+-------------------------------------------------+-----
Spellcasting   | 5 6 7 8 9 10 11 12 | 12.6
Fighting       | 1 2 3 5 6 7 8 9 10 11 | 11.6
Short Blades   | 1 2 3 5 6 7 8 9 10 11 | 11.6
Long Blades    | 1 2 3 5 6 7 8 9 10 11 | 11.6
Axes           | 1 2 3 5 6 7 8 9 10 11 | 11.6
Maces & Flails | 1 2 3 5 6 7 8 9 10 11 | 11.6
Polearms       | 1 2 3 5 6 7 8 9 10 11 | 11.6
Staves         | 1 2 3 5 6 7 8 9 10 11 | 11.6
Ranged Weapons | 1 2 3 5 6 7 8 9 10 11 | 11.6
Throwing       | 1 2 3 5 6 7 8 9 10 11 | 11.6
Armour         | 1 2 3 5 6 8 10 11 13 14 15 | 15.2
Shields        | 1 2 3 5 6 7 8 9 10 11 | 11.6
Unarmed Combat | 1 2 3 5 6 7 8 9 10 11 | 11.6
Invocations    | 1 2 3 4 5 6 7 8 10 11 12 | 12.6
Evocations     | 1 2 3 5 6 7 8 9 10 11 | 11.6
Shapeshifting  | 1 2 3 4 5 6 7 8 9 10 | 10.6
Conjurations   | 1 2 3 4 5 6 7 8 9 |  9.8
Hexes          | 1 2 3 4 5 6 7 8 9 |  9.8
Summonings     | 1 2 3 4 5 6 7 8 9 |  9.8
Necromancy     | 1 2 3 4 5 6 7 8 9 |  9.8
Translocations | 1 2 3 4 5 6 7 8 9 |  9.8
Fire Magic     | 1 2 3 4 5 6 7 8 9 |  9.8
Air Magic      | 1 2 3 4 5 6 7 8 9 |  9.8
Earth Magic    | 1 2 3 4 5 6 7 8 9 |  9.8
Alchemy        | 1 2 3 4 5 6 7 8 9 |  9.8
Dodging        | 5 6 7 8 9 10 11 12 | 12.4
Stealth        | 5 6 7 8 9 10 11 12 | 12.3
Ice Magic      | 8 9 10 11 12 | 12.0

Action                     |  1- 3 |  4- 6 |  7- 9 | 10-12 | 13-15 | 16-18 || total
---------------------------+-------+-------+-------+-------+-------+-------++-------
  Melee: Dagger            |    19 |     1 |       |       |       |       ||    20
         Whip              |    11 |    48 |   160 |    18 |    40 |       ||   277
         Bite              |     3 |     5 |    18 |    26 |   104 |    26 ||   182
         Punch             |       |       |     9 |       |       |       ||     9
         Trident           |       |       |     1 |    82 |       |     4 ||    87
         Scimitar          |       |       |       |   131 |   170 |       ||   301
         War axe           |       |       |       |    11 |   182 |       ||   193
         Staff             |       |       |       |       |   208 |   215 ||   423
  Throw: Dart              |       |     1 |     6 |     2 |    10 |    11 ||    30
   Cast: Freeze            |    27 |    42 |    46 |     8 |    23 |     4 ||   150
         Frozen Ramparts   |     1 |    13 |    30 |    44 |    60 |    12 ||   160
         Ozocubu's Armour  |       |     4 |    17 |    26 |    50 |    11 ||   108
         Summon Ice Beast  |       |       |    21 |    16 |     7 |     1 ||    45
         Hailstorm         |       |       |    19 |    25 |    22 |     9 ||    75
         Freezing Cloud    |       |       |       |    30 |    35 |    27 ||    92
         Fireball          |       |       |       |       |    97 |    60 ||   157
 Invoke: Slouch            |       |       |       |       |     2 |     1 ||     3
  Evoke: Wand              |       |       |       |     2 |     5 |       ||     7
    Use: Scroll            |       |     5 |     3 |     9 |     8 |     3 ||    28
   Stab: Sleeping          |     9 |     8 |     2 |     4 |    11 |     3 ||    37
         Distracted        |       |       |     2 |     2 |     3 |     1 ||     8
         Petrified         |       |       |       |       |     6 |       ||     6
         Petrifying        |       |       |       |       |     1 |       ||     1
         Confused          |       |       |       |       |     1 |       ||     1
 Armour: Robe              |    21 |    31 |   108 |    17 |       |       ||   177
         Skin              |       |     2 |       |       |       |       ||     2
         Troll leather arm |       |       |       |    28 |       |       ||    28
         Leather armour    |       |       |       |    45 |   239 |    62 ||   346
  Dodge: Dodged            |    17 |    66 |   270 |   288 |   597 |   153 ||  1391
  Block: Buckler           |       |       |    39 |   105 |   329 |   139 ||   612
         Reflection        |       |       |       |       |    10 |    17 ||    27
